 Dungeon Crawl Stone Soup version 0.31-a0-853-gc9b61b78f7 (webtiles) character file.

Game seed: 14535210790881676908

401 CrazyBamboolord the Trooper (level 6, -3/67 HPs)
             Began as an Ogre Fighter on Oct 8, 2023.
             Splashed by a jelly's acid (8 damage)
             ... on level 5 of the Dungeon.
             The game lasted 00:04:19 (3097 turns).

CrazyBamboolord the Trooper (Ogre Fighter)          Turns: 3097, Time: 00:04:19

Health: -3/67      AC: -9    Str: 23    XL:     6   Next: 85%
Magic:  6/6        EV:  9    Int: 15    God:
Gold:   193        SH:  8    Dex:  8    Spells: 5/5 levels left

rFire   + . .        a - +0 war axe
rCold   + . .        c - +0 kite shield
rNeg    . . .        b - +0 robe
rPois   .            (helmet restricted)
rElec   .            e - scarf {rC+ rF+}
rCorr   .            (gloves unavailable)
SInv    .            (boots unavailable)
Will    .....        q - amulet of regeneration
Stlth   +            g - +6 ring of intelligence
HPRegen 1.11/turn    (no ring)
MPRegen 0.10/turn

%: no passive effects
@: corroded, studying Necromancy
A: large, unfitting armour, tough skin 1
a: no special abilities


You were on level 5 of the Dungeon.
You visited 1 branch of the dungeon, and saw 5 of its levels.

You collected 193 gold pieces.

Inventory:

Hand Weapons
 a - a +0 war axe (weapon)
 j - a +2 hand axe of venom
Missiles
 t - a throwing net
Armour
 b - a +0 robe (worn)
 c - a +0 kite shield (worn)
 e - a scarf of resistance (worn)
Jewellery
 g - a +6 ring of intelligence (left hand)
 o - a ring of ice
 q - an amulet of regeneration (around neck)
Wands
 v - a wand of iceblast (2) (quivered)
Scrolls
 h - a scroll of poison
 k - 2 scrolls of amnesia
 m - 2 scrolls of immolation {unknown}
 n - a scroll of teleportation {unknown}
 r - 2 scrolls of fog {unknown}
 s - 2 scrolls of fear {unknown}
Potions
 d - a potion of might
 f - a potion of heal wounds {unknown}
 i - 3 potions of attraction
 l - a potion of haste {unknown}
 p - a potion of magic {unknown}
 u - 3 potions of enlightenment {unknown}


   Skills:
 * Level 6.0 Fighting
 * Level 3.8 Axes
 * Level 4.1 Dodging
 * Level 4.5 Shields


You had 5 spell levels left.
You didn't know any spells.
Your spell library contained the following spells:

 Spells                   Type           Power      Damage    Failure   Level
 Sublimation of Blood     Necr           0%         N/A       65%         2
 Wereblood                Tmut           0%         N/A       65%         2
 Summon Hydra             Summ           0%         N/A       100%        7
 Chain Lightning          Conj/Air       0%         N/A       100%        9
 Fire Storm               Conj/Fire      0%         5d1       100%        9
 Shatter                  Erth           0%         3d5*      100%        9


Dungeon Overview and Level Annotations

Branches:
Dungeon (5/15)
 Temple: D:4-7

Altars:
Nemelex Xobeh
Sif Muna

Shops:
D:5 (:


Innate Abilities, Weirdness & Mutations

You are too large for most types of armour.
You have tough skin. (AC +1)


Message History

The jelly quivers.
You hit the jelly. The acid corrodes you!
Your hands burn!
The jelly is lightly wounded.
You block the jelly's attack.
You hit the jelly but do no damage. The acid corrodes you!
Your hands burn!
The jelly is lightly wounded.
You block the jelly's attack. The jelly hits you.
You are splashed with acid.
You hit the jelly but do no damage.
Your hands burn!
The jelly is lightly wounded.
You block the jelly's attack.
You hit the jelly.
Your hands burn!
The jelly is moderately wounded.
The jelly hits you.
You are splashed with acid!
The jelly hits you.
You are splashed with acid!
You are too injured to fight recklessly!
You are too injured to fight recklessly!
Unknown command.
You hit the jelly. The acid corrodes you!
Your hands burn!
The jelly is moderately wounded.
The jelly hits you.
You are splashed with acid!
* * * LOW HITPOINT WARNING * * *
You hit the jelly but do no damage.
Your hands burn!
* * * LOW HITPOINT WARNING * * *
The jelly is moderately wounded.
You block the jelly's attack. The jelly hits you.
* * * LOW HITPOINT WARNING * * *
You are splashed with acid!
* * * LOW HITPOINT WARNING * * *
Cleave: a) +0 war axe
Press: ? - help, Dir - move target
Okay, then.
Aiming: Iceblast
Press: ? - help, Q - select action, (/) - cycle Shift-Dir - straight line The mass of ice explodes!
The iceblast engulfs the jelly!
The jelly is almost dead.
You hear an angry hiss.
You hear a howl!
The jelly hits you.
* * * LOW HITPOINT WARNING * * *
You are splashed with acid!
You die...

# #. #.### #########
...# #.......#
####.###.......#
#..............#
#.##...........#
#...........#
+.@.......>##
#.J...####.# #...#.#
#.....# #.# #...#.#
#.....# #.# #...#.#
#.....# #.# ##...#.#
#.....####.#
.#...#.#
###.....##.#
.....#.#
#######....)##.#
#.[..#.#
##[..........##.####


You could see a jelly.

Vanquished Creatures
  Prince Ribbit (D:5)
  2 hounds
  Jessica (D:2)
  2 iguanas
  2 adders
  An ufetubus (D:4)
  A worm (D:2)
  A dart slug (D:1)
  4 orcs (D:3)
  2 bats
  6 endoplasms
  4 giant cockroaches
  6 goblins
  2 hobgoblins
  5 quokkas
  6 ball pythons
  3 frilled lizards (D:2)
  5 kobolds
  2 rats
56 creatures vanquished.

Notes
Turn   | Place    | Note
-------+----------+-------------------------------------------
     0 | D:1      | CrazyBamboolord the Ogre Fighter began the quest for the
                  | Orb.
     0 | D:1      | Reached XP level 1. HP: 24/24 MP: 1/1
   255 | D:1      | Reached XP level 2. HP: 27/32 MP: 2/2
   564 | D:2      | Noticed Jessica
   573 | D:2      | Killed Jessica
   574 | D:2      | Reached XP level 3. HP: 22/40 MP: 3/3
   960 | D:2      | Reached XP level 4. HP: 41/49 MP: 4/4
  1725 | D:3      | Found a faded altar of an unknown god.
  2206 | D:4      | Reached skill level 5 in Fighting
  2206 | D:4      | Reached XP level 5. HP: 55/57 MP: 5/5
  2368 | D:4      | Found a shimmering blue altar of Sif Muna.
  2920 | D:5      | Entered Level 5 of the Dungeon
  2920 | D:5      | Noticed a black bear
  2920 | D:5      | Found Foliwu's Book Emporium.
  2985 | D:5      | Noticed Prince Ribbit
  2988 | D:5      | Killed Prince Ribbit
  2989 | D:5      | Reached skill level 6 in Fighting
  2989 | D:5      | Reached XP level 6. HP: 67/67 MP: 6/6
  2997 | D:5      | Found Betuagiz's Antique Weapon Boutique.
  3018 | D:5      | Found a sparkling altar of Nemelex Xobeh.
  3097 | D:5      | Splashed by a jelly's acid

Illustrated notes

Levels and vault maps discovered:
D:1:      amcnicky_arrival_flooded_fountain, layout_rooms, minivault_11
D:2:      layout_rooms, minmay_pentomino_w4, uniq_jessica
D:3:      layout_basic, shapermc_ecumenical_altar_pompeii, serial_corexii_hall,
          corexii_hall_statues_s, chequers_hall_statues_y,
          corexii_hall_statues_x, corexii_hall_statues_t, chequers_avenue
D:4:      layout_loops_ring, nicolae_sif_muna_little_library
D:5:      wad_river_or_something, layout_basic, kennysheep_little_box,
          serial_shops, nicolae_square_shop, nicolae_take_the_stairs,
          uniq_sigmund, uniq_prince_ribbit1, uniq_blork_the_orc

Skill      XL: |  1  2  3  4  5 |
---------------+----------------+-----
Dodging        | 3 4 |  4.1
Fighting       | 5 6 |  6.0
Axes           | 3 |  3.8
Shields        | 4 |  4.5

Action                     |  1- 3 |  4- 6 || total
---------------------------+-------+-------++-------
  Melee: War axe           |    48 |    97 ||   145
  Evoke: Wand              |       |     3 ||     3
    Use: Scroll            |       |     3 ||     3
 Armour: Robe              |    33 |    65 ||    98
  Dodge: Dodged            |    14 |    54 ||    68
  Block: Kite shield       |    11 |    46 ||    57

Table legend: (Time is in decaauts)
 A = Elapsed time spent in this place.
 B = Non-inter-level travel time spent in this place.
 C = Inter-level travel time spent in this place.
 D = Time resting spent in this place.
 E = Time spent auto-exploring this place.
 F = Levels seen in this place.
 G = Mean time per level.
                   A        B        C        D        E       F      G
               +--------+--------+--------+--------+--------+-----+--------+
         Total |   3165 |   2930 |    235 |      0 |   2468 |   5 |  633.0 |
       Dungeon |   3165 |   2930 |    235 |      0 |   2468 |   5 |  633.0 |
               +--------+--------+--------+--------+--------+-----+--------+

Top non-repeatable levels by time:
     D:2: 868 daAuts
     D:3: 797 daAuts
     D:4: 783 daAuts
     D:1: 553 daAuts
     D:5: 163 daAuts
